 Dungeon Crawl Stone Soup version 0.25.1-1-g288607f5aa (webtiles) character file.

Game seed: 3441130648104711432

13 Descartes the Sneak (level 2, 0/11 HPs)
             Began as a Felid Enchanter on July 19, 2020.
             Slain by a leopard gecko (3 damage)
             ... on level 1 of the Dungeon.
             The game lasted 00:01:26 (720 turns).

Descartes the Sneak (Felid Enchanter)                Turns: 720, Time: 00:01:27

Health: 0/11       AC:  1    Str:  4    XL:     2   Next: 24%
Magic:  6/6        EV: 19    Int: 16    God:
Gold:   64         SH:  0    Dex: 16    Spells: 4/5 levels left
                                        Lives:  0   Deaths: 0

rFire    . . .     SeeInvis +     - Unarmed
rCold    . . .     Gourm    .   (shield unavailable)
rNeg     . . .     Faith    .   (armour unavailable)
rPois    .         Spirit   .   (helmet unavailable)
rElec    .         Reflect  .   (cloak unavailable)
rCorr    .         Harm     .   (gloves unavailable)
MR       .....                  (boots unavailable)
Stlth    +++.......             (no amulet)
HPRegen  0.03/turn              (no ring)
MPRegen  0.10/turn              (no ring)

@: quick
A: very small, no armour, no weapons or thrown items, stealth, claws 1, fangs 3,
see invisible, carnivore, speed 1, shaggy fur 1, slow metabolism 1, sharp paws
a: no special abilities


You were on level 1 of the Dungeon.
You were very full.

You visited 1 branch of the dungeon, and saw 1 of its levels.

You collected 64 gold pieces.

Inventory:

Missiles
 a - 24 arrows
 h - 31 stones
Jewellery
 g - an uncursed ring of fire {unknown}
Scrolls
 c - 2 scrolls of remove curse {unknown}
 i - a scroll of noise {unknown}
Potions
 d - 2 potions of degeneration {unknown}
 e - a potion of brilliance {unknown}
 f - a potion of haste {unknown}
Comestibles
 b - a ration


   Skills:
 + Level 3.4 Dodging
 + Level 4.6 Stealth
 - Level 1.0 Unarmed Combat
 - Level 2.0 Spellcasting
 - Level 4.4 Hexes


You had 4 spell levels left.
You knew the following spells:

 Your Spells              Type           Power        Failure   Level  Hunger
a - Corona                Hex            ###....      3%          1    #......

Your spell library contained the following spells:

 Spells                   Type           Power        Failure   Level  Hunger
 Confusing Touch          Hex            ###.....     11%         3    ###....
 Tukima's Dance           Hex            ###.....     11%         3    ###....
 Ensorcelled Hibernation  Hex/Ice        #.....       13%         2    ###....
 Dazzling Flash           Conj/Hex       #.....       26%         3    ###....


Dungeon Overview and Level Annotations

Branches:
Dungeon (1/15)

Altars:


Innate Abilities, Weirdness & Mutations

You cannot wear armour.
You are incapable of wielding weapons or throwing items.
Your paws allow you to move quietly. (Stealth)
You have sharp claws.
You have razor-sharp teeth.
You have supernaturally acute eyesight. (SInv)
You are carnivorous and can eat meat at any time.
You cover ground quickly.
You are covered in fur. (AC +1)
You have a slow metabolism.
Your sharp claws are effective at attacking unaware monsters.


Message History

The goblin closely misses you.
You see here a robe.
You closely miss the goblin. You bite the goblin.
The goblin is heavily wounded.
The goblin hits you.
You scratch the goblin.
You kill the goblin!
The leopard gecko bites you.
You barely miss the leopard gecko.
The leopard gecko completely misses you.
You scratch the leopard gecko.
The leopard gecko is lightly wounded.
The leopard gecko bites you.
* * * LOW HITPOINT WARNING * * *
You are too injured to fight recklessly!
You are too injured to fight recklessly!
You barely miss the leopard gecko.
The leopard gecko is lightly wounded.
The leopard gecko bites you.
You die...

###.#
#.....##.##########.##
.##.###........#
####...#
............####
#......# .##.###.....#
#.##...#
###......)..###
#.######
####.#####...# #.# #.#
##.....## #.# #.
#.......####.# #.
......l@.....# ##
#.....†.######
##.....## ##...# ####


You could see a leopard gecko.

Vanquished Creatures
  2 goblins (D:1)
  3 hobgoblins (D:1)
  A bat (D:1)
  3 frilled lizards (D:1)
  A kobold (D:1)
  4 rats (D:1)
14 creatures vanquished.

Notes
Turn   | Place    | Note
-------+----------+-------------------------------------------
     0 | D:1      | Descartes the Felid Enchanter began the quest for the Orb.
     0 | D:1      | Reached XP level 1. HP: 7/7 MP: 4/4
   655 | D:1      | Reached XP level 2. HP: 11/11 MP: 6/6
   720 | D:1      | Slain by a leopard gecko

Illustrated notes

Levels and vault maps discovered:
D:1:      scummos_arrival_checkerplants, layout_loops_ring, nrook_mini_vaults

Skill      XL: |  1 |
---------------+----+-----
Dodging        | 3 |  3.4
Stealth        | |  4.6
Unarmed Combat | |  1.0
Spellcasting   | |  2.0
Hexes          | |  4.4

Action                   || total
-------------------------++-------
Melee: Unarmed           ||    34
       Bite              ||     2
 Stab: Sleeping          ||     5
  Eat: Chunk             ||     6
Armor: Skin              ||     3
Dodge: Dodged            ||    27
